 Dungeon Crawl Stone Soup version 0.26.0-16-gc1dbca0489 (webtiles) character file.

Game seed: 11210526122736342509

1973 hawla the Conjurer (level 9, -2/69 HPs)
             Began as a Grey Draconian Conjurer on Jan 18, 2021.
             Was a Follower of Vehumet.
             Shot with a bolt by a kobold (5 damage)
             ... on level 7 of the Dungeon.
             The game lasted 00:22:24 (7370 turns).

hawla the Conjurer (Grey Draconian Conjurer)        Turns: 7370, Time: 00:22:24

Health: -2/69      AC: 14    Str: 10    XL:     9   Next: 0%
Magic:  4/18       EV: 14    Int: 22    God:    Vehumet [*.....]
Gold:   184        SH:  0    Dex: 15    Spells: 8/20 levels left

rFire    + . .     SeeInvis .   c - +0 quarterstaff (protect)
rCold    + . .     Faith    .   (shield currently unavailable)
rNeg     . . .     Spirit   .   (armour unavailable)
rPois    +         Reflect  .   (helmet restricted)
rElec    +         Harm     .   (no cloak)
rCorr    +         Rampage  .   l - +0 pair of gloves
Will     .....                  n - +0 pair of boots
Stlth    ++........             (no amulet)
HPRegen  0.21/turn              f - +6 ring of dexterity
MPRegen  0.16/turn              (no ring)

@: resistant
A: walk through water, unfitting armour, unbreathing, cold-blooded, AC +12
a: Renounce Religion


You were on level 7 of the Dungeon.
You worshipped Vehumet.
Vehumet was aware of your devotion.
You visited 2 branches of the dungeon, and saw 8 of its levels.

You collected 184 gold pieces.

Inventory:

Hand Weapons
 c - a +0 quarterstaff of protection (weapon)
Armour
 l - a +0 pair of gloves (worn)
 n - a +0 pair of boots (worn)
 s - a +0 tower shield
Magical Staves
 m - an uncursed staff of death
Jewellery
 f - a +6 ring of dexterity (left hand)
Wands
 g - a wand of iceblast (4)
 o - a wand of paralysis (6)
Scrolls
 a - a scroll of magic mapping
 b - 2 scrolls of identify
 e - 3 scrolls of remove curse
 h - 2 scrolls of fog
 q - a scroll of amnesia
Potions
 k - 2 potions of resistance


   Skills:
 - Level 3.0 Fighting
 - Level 2.0 Staves
 - Level 4.0 Dodging
 - Level 2.0 Stealth
 + Level 2.6 Shields
 + Level 6.1 Spellcasting
 - Level 6.5 Conjurations
 - Level 4.9 Translocations
 - Level 1.1 Fire Magic
 - Level 1.0 Evocations


You had 8 spell levels left.
You knew the following spells:

 Your Spells              Type           Power        Failure   Level
a - Magic Dart            Conj           100%         1%          1
b - Searing Ray           Conj           70%          1%          2
c - Iskenderun's Mystic   Conj/Tloc      32%          9%          4
d - Blink                 Tloc           N/A          1%          2
e - Conjure Flame         Conj/Fire      23%          5%          3

Your spell library contained the following spells:

 Spells                   Type           Power        Failure   Level
 Shock                    Conj/Air       84%          2%          1
 Dazzling Flash           Conj/Hex       42%          7%          3
 Mephitic Cloud           Conj/Pois/Air  16%          11%         3
 Call Imp                 Summ           6%           14%         2
 Slow                     Hex            6%           14%         2
 Fulminant Prism          Conj/Hex       10%          24%         4


Dungeon Overview and Level Annotations

Branches:
Dungeon (7/15)             Temple (1/1) D:5

Altars:
Ashenzari
Cheibriados
Elyvilon
Fedhas
Gozag
Hepliaklqana
Kikubaaqudgha
Nemelex Xobeh
Qazlal
Ru
Sif Muna
Trog
Vehumet
Wu Jian
Xom
Yredelemnul
Zin
The Shining One

Annotations:
D:3 2 runed translucent doors, hatsuma's ghost, amateur DrCj
D:5 1 runed translucent door, Crazy Yiuf
D:7 Dowan; Maggie


Innate Abilities, Weirdness & Mutations

You can walk through water.
Your dull iron-grey scales are very hard. (AC +12)
You cannot fit into any form of body armour.
You can survive without breathing.
You are cold-blooded and may be slowed by cold attacks.


Message History

The killer bee closely misses you. The killer bee misses you.
The adder bites you but does no damage. The orc warrior closely misses you.
The killer bee closely misses you. The killer bee stings you.
* * * LOW HITPOINT WARNING * * *
The killer bee stings you but does no damage. x2
The killer bee barely misses you.
The killer bee stings you but does no damage.
The orc warrior hits you with a +0 dire flail!
* * * LOW HITPOINT WARNING * * *
The adder bites you but does no damage. The killer bee closely misses you.
Okay, then.
The killer bee barely misses you. The killer bee misses you.
The killer bee closely misses you.
The killer bee stings you but does no damage.
A big kobold comes into view. It is wielding a +0 club.
The adder closely misses you.
The kobold shouts!
You hear a shout! x2
The kobold wields a +2 hand crossbow of flaming.
It bursts into flame!
The kobold shoots a bolt.
The bolt hits you.
You die...

#..$.##o§§# #...y{§§§§#
##...§§§o§## *##....S§§§{##
.#.....§§§§o.### ****
.......§...§yoy# *,,**
...##†.......yS## *,,,***
...*##)).....yy.##### *,,,,,**
,,**#...)....S..@#.<#####.,,*,*
,,,#...............<.......,*,**
,*...#.#.....#.............,,,,*
,#...###....##.............,,,**
,#..#* #.##..##......K.....,,**
^...* ####........#.......***
,,,,******,,.##....K.##...#*****
**,,**,,,,,.**#.......,...#*,*,*
,,,,**,,,,,,,,.........,..,*,,,**


You could see an orc warrior, a big kobold (wandering), 5 killer bees, 2 adders,
2 orcs and a kobold.

Vanquished Creatures
  Sigmund (D:6)
  Eustachio (D:5)
  Menkaure (D:5)
  2 ice beasts
  An orc warrior (D:6)
  2 ogres (D:6)
  2 centaurs (D:5)
  A bullfrog (D:7)
  A killer bee (D:7)
  A jelly (D:6)
  6 orc priests
  2 bullfrog skeletons (D:5)
  Ijyb (D:4)
  4 orc wizards
  An iguana (D:4)
  5 worker ants
  4 gnolls (D:2)
  10 adders
  A white imp (D:5)
  An ufetubus (D:5)
  5 oozes
  An adder zombie (D:5)
  An adder skeleton (D:6)
  2 worms
  A dart slug (D:2)
  6 leopard geckos
  33 orcs
  A giant cockroach (D:3)
  5 goblins
  6 hobgoblins
  6 jackals (D:1)
  14 kobolds
  4 quokkas
  10 bats
  4 frilled lizards
  A leopard gecko skeleton (D:3)
  A quokka skeleton (D:4)
  14 rats
163 creatures vanquished.

Vanquished Creatures (others)
  6 plants (D:6)
6 creatures vanquished.

Grand Total: 169 creatures vanquished

Notes
Turn   | Place    | Note
-------+----------+-------------------------------------------
     0 | D:1      | hawla the Draconian Conjurer began the quest for the Orb.
     0 | D:1      | Reached XP level 1. HP: 14/14 MP: 3/3
   120 | D:1      | Reached XP level 2. HP: 22/22 MP: 1/5
   188 | D:1      | Reached skill level 1 in Fighting
   218 | D:1      | Learned a level 2 spell: Searing Ray
   671 | D:1      | Reached XP level 3. HP: 28/28 MP: 2/7
   921 | D:2      | Found an opulent altar of Gozag.
  1238 | D:2      | Reached XP level 4. HP: 35/35 MP: 6/9
  1245 | D:2      | Learned a level 4 spell: Iskenderun's Mystic Blast
  2275 | D:3      | Found a runed translucent door.
  2276 | D:3      | Noticed hatsuma's ghost (amateur DrCj)
  2276 | D:3      | Noticed a bullfrog
  2385 | D:3      | Reached XP level 5. HP: 40/40 MP: 8/10
  2564 | D:3      | Reached skill level 1 in Translocations
  3033 | D:3      | Found a runed translucent door.
  3062 | D:3      | Reached skill level 1 in Staves
  3490 | D:4      | Reached XP level 6. HP: 48/48 MP: 7/12
  3681 | D:4      | Noticed Ijyb
  3701 | D:4      | Killed Ijyb
  4388 | D:5      | Entered Level 5 of the Dungeon
  4495 | D:5      | Noticed Menkaure
  4500 | D:5      | Killed Menkaure
  4501 | D:5      | Reached skill level 5 in Conjurations
  4659 | D:5      | Your scales start taking on a dull iron-grey colour.
  4659 | D:5      | Reached XP level 7. HP: 55/55 MP: 6/14
  4659 | D:5      | Gained mutation: You can survive without breathing. [Grey
                  | Draconian growth]
  5032 | D:5      | Noticed Eustachio
  5059 | D:5      | Killed Eustachio
  5060 | D:5      | Reached skill level 5 in Spellcasting
  5262 | D:5      | Found a staircase to the Ecumenical Temple.
  5302 | Temple   | Entered the Ecumenical Temple
  5354 | Temple   | Became a worshipper of Vehumet
  5367 | D:5      | Learned a level 2 spell: Blink
  5371 | D:5      | Learned a level 3 spell: Conjure Flame
  5594 | D:5      | Reached XP level 8. HP: 35/62 MP: 9/16
  5852 | D:5      | Found a runed translucent door.
  5853 | D:5      | Noticed Crazy Yiuf
  6106 | D:6      | Reached skill level 1 in Fire Magic
  6456 | D:6      | Reached skill level 1 in Shields
  6677 | D:6      | Reached * piety under Vehumet
  6677 | D:6      | Offered knowledge of Shock by Vehumet.
  6678 | D:6      | Reached skill level 1 in Evocations
  6851 | D:6      | Found Mal Rett's Book Shop.
  6911 | D:6      | Found a glowing golden altar of the Shining One.
  6930 | D:6      | Noticed Sigmund
  6937 | D:6      | Killed Sigmund
  7266 | D:7      | Noticed Dowan
  7267 | D:7      | Noticed Maggie
  7358 | D:7      | Reached XP level 9. HP: 22/69 MP: 2/18
  7365 | D:7      | HP: 2/69 [orc warrior/+0 dire flail (7)]
  7370 | D:7      | Shot with a bolt by a kobold

Illustrated notes

Levels and vault maps discovered:
D:1:      roderic_chinese_lattice_arrival, layout_rooms, kennysheep_nondescript
D:2:      layout_basic, lemuel_crystal_altar
D:3:      layout_basic, nicolae_overflow_hidden_temple, ebering_ghost_sewer_f
D:4:      layout_loops_cross, uniq_ijyb
D:5:      layout_loops_corners, minmay_temple_entry_overgrown,
          uniq_crazy_yiuf_cottage, uniq_eustachio, uniq_menkaure
D:6:      layout_gridville, lemuel_doored_altar, serial_shops,
          nicolae_shop_stone, serial_bayou_lagoon_a, uniq_sigmund
D:7:      lemuel_castle_with_subvaults [lemuel_castle_interior_original],
          layout_cave_pools, general_overflow_altar, enter_ossuary_2,
          uniq_duvessa, uniq_maggie, uniq_harold
Temple:   nicolae_temple_x_marks_the_god

Skill      XL: |  1  2  3  4  5  6  7  8 |
---------------+-------------------------+-----
Stealth        | 2 |  2.0
Dodging        | 2 3 4 |  4.0
Fighting       | 1 2 3 |  3.0
Spellcasting   | 3 4 5 6 |  6.1
Translocations | 1 2 3 4 |  4.9
Staves         | 1 2 |  2.0
Conjurations   | 5 6 |  6.5
Fire Magic     | 1 |  1.1
Shields        | 2 |  2.6
Evocations     | 1 |  1.0

Action                   |  1- 3 |  4- 6 |  7- 9 || total
-------------------------+-------+-------+-------++-------
Melee: Unarmed           |     7 |       |       ||     7
       Whip              |     7 |       |       ||     7
       Tailslap          |     1 |     2 |     7 ||    10
       Quarterstaff      |       |    36 |    49 ||    85
 Cast: Magic Dart        |    43 |    43 |    41 ||   127
       Searing Ray       |    11 |    29 |    27 ||    67
       Iskenderun's Myst |       |       |    12 ||    12
       Blink             |       |       |     1 ||     1
Evoke: Wand              |       |       |     3 ||     3
  Use: Scroll            |     1 |     5 |     5 ||    11
       Potion            |       |     3 |     6 ||     9
Armor: Skin              |     8 |    23 |    53 ||    84
Dodge: Dodged            |    14 |    40 |   111 ||   165
